 Dungeon Crawl Stone Soup version 0.31.0-12-g77e489cdc1 (webtiles) character file.

Game seed: 13453126036757651188

1588 spaghetti the Grappler (level 8, 0/78 HPs)
             Began as an Oni Chaos Knight on Feb 27, 2024.
             Was a Plaything of Xom.
             Slain by a white imp (2 damage)
             ... summoned by Xom
             ... on level 5 of the Dungeon.
             The game lasted 00:06:21 (5562 turns).

spaghetti the Grappler (Oni Chaos Knight)           Turns: 5562, Time: 00:06:23

Health: 0/78       AC: -2    Str: 16    XL:     8   Next: 92%
Magic:  8/8        EV:  9    Int: 23    God:    Xom [*.....]
Gold:   669        SH:  0    Dex:  7    Spells: 7/7 levels left

rFire   . .          .
                       - Unarmed
rCold   . . .        (no shield)
rNeg    + . .        y - +2 robe {rN+}
rPois   +            (helmet currently unavailable)
rElec   .            h - melded scarf {harm}
rCorr   .            (gloves unavailable)
SInv    .            (boots unavailable)
Will    .....        (no amulet)
Stlth   +            v - ring of poison resistance
HPRegen 0.33/turn    f - +6 ring of intelligence
MPRegen 0.11/turn

%: clarity
@: beast-form, corroded, slowed, studying Invocations, very slow
A: beast (slay +3), large, unfitting armour, horns 1, tough skin 1, double
potion healing, drunken brawling, iridescent scales 1, clarity, clever 1,
deformed body, sense surroundings 1, weak 1
a: Begin Untransformation, Renounce Religion


You were on level 5 of the Dungeon.
You worshipped Xom.
You were a special plaything of Xom.
You were a hulking beast.
You visited 1 branch of the dungeon, and saw 5 of its levels.

You collected 669 gold pieces.

Inventory:

Missiles
 e - 4 poisoned darts
Armour
 a - a +2 robe
 h - a scarf of harm (melded)
 r - a +1 cloak
 y - a +2 robe of positive energy (worn)
Jewellery
 f - a +6 ring of intelligence (right hand)
 v - a ring of poison resistance (left hand)
Talismans
 o - a beast talisman (active)
Wands
 m - a wand of flame (6)
 s - a wand of mindburst (3)
 w - a wand of polymorph (15)
Scrolls
 b - a scroll of butterflies
 d - 2 scrolls of identify
 g - a scroll of immolation
 j - a scroll of blinking
 k - a scroll of poison
 n - 4 scrolls of teleportation
 p - a scroll of noise
 x - a scroll of fog
Potions
 c - a potion of lignification
 i - 2 potions of enlightenment
 l - a potion of heal wounds
 q - 2 potions of curing
 t - a potion of invisibility
 u - a potion of attraction {unknown}


   Skills:
 - Level 4.0 Fighting
 - Level 2.1 Dodging
 + Level 8.0 Unarmed Combat
 + Level 6.4 Shapeshifting


You had 7 spell levels left.
You didn't know any spells.
Your spell library contained the following spells:

 Spells                   Type           Power      Damage    Failure   Level
 Kiss of Death            Conj/Necr      0%         2d5       16%         1
 Confusing Touch          Hex            0%         N/A       43%         3
 Gell's Gravitas          Tloc           0%         N/A       43%         3
 Teleport Other           Tloc           0%         N/A       43%         3
 Dispel Undead            Necr           0%         3d6       83%         4
 Dispersal                Tloc           0%         N/A       100%        6


Dungeon Overview and Level Annotations

Branches:
Dungeon (5/15)
 Temple: D:4-7

Altars:
Ashenzari
Trog
Uskayaw
Xom
The Shining One


Innate Abilities, Weirdness & Mutations

You are a hulking beast.
Your limbs bulge with bestial killing power. (Slay +3)
You are too large for most types of armour.
You have a pair of small horns on your head.
You have tough skin. (AC +1)
You gain doubled healing and magic from potions.
Whenever you drink a healing potion, you attack all around you.
You are partially covered in iridescent scales. (AC +2)
You possess an exceptional clarity of mind.
Your mind is acute. (Int +4, Str/Dex -1)
Armour fits poorly on your strangely shaped body.
You passively map a small area around you.
You are weak. (Str -2)


Message History

The jelly hits you. The acid corrodes you!
You are splashed with acid!
You hit the jelly.
Your hands burn!
The jelly is almost dead.
The jelly hits you. The acid corrodes you!
You are splashed with acid!
The jelly completely misses you.
You hit the jelly.
You kill the jelly!
The jelly disappears in a puff of smoke!
You barely miss the white imp.
You headbutt the white imp, but do no damage.
The white imp hits you.
* * * LOW HITPOINT WARNING * * *
The white imp freezes you.
* * * LOW HITPOINT WARNING * * *
You hit the white imp.
The white imp is lightly wounded.
The white imp gestures at you. The puff of frost hits you.
* * * LOW HITPOINT WARNING * * *
You hit the white imp.
The white imp is heavily wounded.
The white imp closely misses you. The white imp hits you.
* * * LOW HITPOINT WARNING * * *
The white imp freezes you.
* * * LOW HITPOINT WARNING * * *
You hit the white imp but do no damage. You headbutt the white imp.
The white imp is almost dead.
The white imp hits you.
* * * LOW HITPOINT WARNING * * *
The white imp freezes you.
* * * LOW HITPOINT WARNING * * *
You barely miss the white imp.
You headbutt the white imp, but do no damage.
You punch the white imp, but do no damage.
The white imp is almost dead.
The white imp hits you.
* * * LOW HITPOINT WARNING * * *
The white imp freezes you.
You die... "This toy is broken."

*, , , #.# #.# ,
######### #?# *
........# #.# * ,
.....##.# #.# *, ,
.....##.##### #.# ∩ ,
...........>####.# #...#
.....##.##......h# #...#
* ,
.....##.##..####5###...#
.....##.##...# ....#...#
.....##......##..#.#...#
.....#####....#..#.#...#
##########....#..#.#...#
#.......#..#.#...###
#.###...####.#.###.# #,*
#..........###.#


You could see a white imp (summoned).

Vanquished Creatures
  Sigmund (D:5)
  A wraith (D:5)
  A hog (shapeshifter) (D:5)
  Duvessa (D:4)
  2 ogres (D:5)
  4 lemures (D:5)
  A phantom (D:5)
  A scorpion (D:4)
  Dowan (D:4)
  A hound (D:4)
  2 orc priests
  A bombardier beetle (D:5)
  A jelly (D:4)
  4 iguanas (D:4)
  An orc wizard (D:5)
  Ijyb (D:5)
  Robin (D:4)
  2 gnolls
  8 adders
  2 ufetubi (D:5)
  2 dart slugs (D:4)
  2 ribbon worms
  11 orcs
  8 endoplasms
  4 giant cockroaches
  11 hobgoblins
  6 jackals
  6 kobolds
  2 quokkas
  7 ball pythons
  5 bats
  A frilled lizard (D:1)
  17 goblins
  2 rats
121 creatures vanquished.

Vanquished Creatures (collateral kills)
  An orc wizard (D:3)
  3 gnolls (D:4)
  3 orcs (D:3)
  A goblin (D:3)
8 creatures vanquished.

Vanquished Creatures (others)
  Eustachio (D:5)
  An orc (D:5)
2 creatures vanquished.

Grand Total: 131 creatures vanquished

Notes
Turn   | Place    | Note
-------+----------+-------------------------------------------
     0 | D:1      | spaghetti the Oni Chaos Knight began the quest for the Orb.
     0 | D:1      | Reached XP level 1. HP: 24/24 MP: 1/1
    63 | D:1      | XOM: silly message
   101 | D:1      | Reached skill level 3 in Unarmed Combat
   201 | D:1      | Reached XP level 2. HP: 25/32 MP: 2/2
   432 | D:1      | XOM: silly message
   441 | D:1      | Reached XP level 3. HP: 32/39 MP: 3/3
   600 | D:1      | XOM is BORED!
   600 | D:1      | XOM: silly message
   786 | D:1      | Reached skill level 4 in Unarmed Combat
  1164 | D:2      | XOM is BORED!
  1164 | D:2      | XOM: silly message
  1175 | D:2      | XOM: divination: detect items
  1238 | D:2      | XOM: scenery: 1 doors close
  1305 | D:2      | XOM: give mutations
  1305 | D:2      | Gained mutation: You possess an exceptional clarity of
                  | mind. [Xom's grace]
  1305 | D:2      | Gained mutation: You are partially covered in iridescent
                  | scales. (AC +2) [Xom's grace]
  1439 | D:2      | Reached XP level 4. HP: 43/48 MP: 4/4
  1689 | D:2      | XOM is BORED!
  1689 | D:2      | XOM: give mutations
  1689 | D:2      | Gained mutation: Armour fits poorly on your strangely
                  | shaped body. [Xom's mischief]
  1689 | D:2      | Gained mutation: Your mind is acute. (Int +4, Str/Dex -1)
                  | [Xom's mischief]
  1815 | D:2      | XOM: noise
  2055 | D:3      | XOM: polymorph jackal -> kobold
  2059 | D:3      | XOM: cast spell 'Summon Horrible Things'
  2064 | D:3      | Reached skill level 1 in Shapeshifting
  2071 | D:3      | Reached XP level 5. HP: 54/54 MP: 5/5
  2128 | D:3      | Found a bloodstained altar of Trog.
  2233 | D:3      | Found a broken altar of Ashenzari.
  2239 | D:3      | XOM: god gift: staff of fire
  2546 | D:3      | XOM: silly message
  2559 | D:3      | XOM: scenery: summon butterflies
  2924 | D:4      | Noticed Robin
  2964 | D:4      | Killed Robin
  2965 | D:4      | Reached skill level 5 in Unarmed Combat
  2983 | D:4      | XOM: silly message
  3013 | D:4      | XOM: enchant monster (good)
  3086 | D:4      | XOM: cast spell 'Discord'
  3155 | D:4      | XOM: scenery: create altars
  3536 | D:4      | XOM: cleaving
  3541 | D:4      | Reached XP level 6. HP: 22/62 MP: 6/6
  3830 | D:4      | XOM: silly message
  3831 | D:4      | XOM: 3-stop teleportation journey
  3906 | D:4      | Noticed Duvessa
  3906 | D:4      | Noticed Dowan
  3910 | D:4      | Reached XP level 7. HP: 70/70 MP: 7/7
  3922 | D:4      | XOM: 2-stop teleportation journey
  4087 | D:4      | XOM: enchant monster (bad)
  4092 | D:4      | Reached skill level 6 in Unarmed Combat
  4270 | D:4      | Killed Duvessa
  4270 | D:4      | XOM: stat loss: -1 Int (16/17)
  4281 | D:4      | Killed Dowan
  4418 | D:4      | Found a glowing golden altar of the Shining One.
  4533 | D:4      | XOM: summons 3 hostile shadow creatures
  4569 | D:5      | Entered Level 5 of the Dungeon
  4586 | D:5      | Noticed Ijyb
  4595 | D:5      | Killed Ijyb
  4608 | D:5      | XOM: noise
  4811 | D:5      | Noticed Pikel
  4811 | D:5      | XOM: 1-stop teleportation journey
  4814 | D:5      | Pikel changed into Pikel the shapeshifter
  4814 | D:5      | Noticed Pikel (shapeshifter)
  4814 | D:5      | XOM: polymorph Pikel -> Pikel the shapeshifter
  4814 | D:5      | Pikel the shapeshifter changed into Pikel the basilisk
  4814 | D:5      | Noticed Pikel (shapeshifter)
  4819 | D:5      | Pikel the basilisk changed into Pikel the hornet
  4819 | D:5      | Noticed Pikel (shapeshifter)
  4823 | D:5      | XOM: summons 4 hostile demons
  4824 | D:5      | XOM: divine lightning
  4833 | D:5      | Found a hide-covered altar of Uskayaw.
  4833 | D:5      | Noticed a +0 dagger
  4833 | D:5      | Noticed a +0 hand axe
  4833 | D:5      | XOM: 2-stop teleportation journey
  4921 | D:5      | Noticed Eustachio
  4943 | D:5      | Killed Eustachio
  4944 | D:5      | Reached XP level 8. HP: 65/78 MP: 8/8
  5049 | D:5      | Reached skill level 7 in Unarmed Combat
  5049 | D:5      | Reached skill level 5 in Shapeshifting
  5443 | D:5      | Noticed Sigmund
  5451 | D:5      | Killed Sigmund
  5457 | D:5      | XOM: give mutations
  5457 | D:5      | Gained mutation: You passively map a small area around you.
                  | [Xom's mischief]
  5457 | D:5      | Gained mutation: You are weak. (Str -2) [Xom's mischief]
  5539 | D:5      | Noticed a wraith
  5545 | D:5      | XOM: summons 3 hostile shadow creatures
  5548 | D:5      | XOM: noise
  5551 | D:5      | Killed a wraith
  5552 | D:5      | Reached skill level 8 in Unarmed Combat
  5562 | D:5      | HP: 2/78 [white imp[Xom] (3)]
  5562 | D:5      | Slain by a white imp

Illustrated notes

Levels and vault maps discovered:
D:1:      lemuel_arrival_behind_the_door_small, layout_loops_corners,
          corexii_corridor_pit
D:2:      layout_basic
D:3:      layout_basic, mainiacjoe_overflow_24_doors, nicolae_ashenzari_skybound
D:4:      minmay_polygon_palace, layout_loops_cross, tso_oasis_becter,
          serial_bayou_pond_e, small_statue_alley_b, hangedman_decor_points,
          serial_park_tiny_1, uniq_robin, uniq_duvessa
D:5:      layout_basic, dancing_weapons_uskayaw, chequers_ossuary_entry_cave,
          eino_small_chamber_without_monster, uniq_eustachio, uniq_sigmund,
          uniq_ijyb, uniq_pikel

Skill      XL: |  1  2  3  4  5  6  7  8 |
---------------+-------------------------+-----
Unarmed Combat | 3 4 5 6 8 |  8.0
Shapeshifting  | 1 2 3 4 6 |  6.4
Fighting       | |  4.0
Dodging        | |  2.1

Action                     |  1- 3 |  4- 6 |  7- 9 || total
---------------------------+-------+-------+-------++-------
  Melee: Unarmed           |   128 |   138 |   177 ||   443
         Headbutt          |    19 |    26 |    43 ||    88
         Punch             |     2 |     3 |    10 ||    15
  Throw: Dart              |       |       |     1 ||     1
  Evoke: Wand              |       |       |     1 ||     1
    Use: Scroll            |       |     9 |     3 ||    12
         Potion            |       |     2 |     5 ||     7
   Stab: Invisible         |       |       |     2 ||     2
 Armour: Robe              |    95 |   111 |   138 ||   344
  Dodge: Dodged            |    48 |    71 |    90 ||   209
   Form: Beast             |       |     1 |       ||     1
